 Dungeon Crawl Stone Soup version 0.28-a0-1629-gf728b707aa (webtiles) character file.

Game seed: 16190012561438203600

81 croobank the Firebug (level 4, 0/33 HPs)
             Began as a Draconian Fire Elementalist on Jan 24, 2022.
             Slain by a gnoll (10 damage)
             ... on level 2 of the Dungeon.
             The game lasted 00:06:17 (2152 turns).

croobank the Firebug (Draconian Fire Elementalist)  Turns: 2152, Time: 00:06:18

Health: 0/33       AC:  6    Str: 10    XL:     4   Next: 19%
Magic:  2/7        EV: 12    Int: 18    God:
Gold:   88         SH:  0    Dex: 11    Spells: 7/8 levels left

rFire   + . .      SeeInvis .   a - +3 short sword (venom)
rCold   + . .      Faith    .   (no shield)
rNeg    . . .      Spirit   .   (armour unavailable)
rPois   .          Reflect  .   (helmet restricted)
rElec   .          Harm     .   n - scarf {rC+ rF+}
rCorr   .          Rampage  .   (no gloves)
Will    .....                   g - +0 pair of boots
Stlth   ++........              (no amulet)
HPRegen 0.11/turn               (no ring)
MPRegen 0.10/turn               (no ring)

@: no status effects
A: AC +5, unfitting armour, cold-blooded
a: no special abilities


You were on level 2 of the Dungeon.
You visited 1 branch of the dungeon, and saw 2 of its levels.

You collected 88 gold pieces.

Inventory:

Hand Weapons
 a - a +3 short sword of venom (weapon)
Missiles
 i - 20 stones
 j - 23 sling bullets
Armour
 g - a +0 pair of boots (worn)
 n - a scarf of resistance (worn)
Scrolls
 b - a scroll of vulnerability {unknown}
 c - 2 scrolls of identify {unknown}
 d - a scroll of blinking {unknown}
 e - a scroll of amnesia {unknown}
 f - a scroll of fear {unknown}
 k - a scroll of noise {unknown}
 l - a scroll of silence {unknown}
Potions
 h - a potion of flight {unknown}
 m - a potion of brilliance {unknown}


   Skills:
 + Level 2.3 Dodging
 + Level 2.4 Stealth
 + Level 2.6 Spellcasting
 + Level 1.9 Conjurations
 + Level 3.4 Fire Magic


You had 7 spell levels left.
You knew the following spells:

 Your Spells              Type           Power      Damage    Failure   Level
a - Foxfire               Conj/Fire      48%        2x1d6     5%          1

Your spell library contained the following spells:

 Spells                   Type           Power      Damage    Failure   Level
 Scorch                   Fire           28%        2d6       6%          2
 Shock                    Conj/Air       20%        1d4       12%         1
 Conjure Flame            Conj/Fire      12%        6-21      17%         3
 Inner Flame              Hex/Fire       8%         N/A       26%         3
 Swiftness                Air            2%         N/A       45%         3
 Flame Wave               Conj/Fire      12%        2d6       50%         4
 Airstrike                Air            1%         N/A       86%         4


Dungeon Overview and Level Annotations

Branches:
Dungeon (2/15)

Altars:
Gozag


Innate Abilities, Weirdness & Mutations

Your plain brown scales are hard. (AC +5)
You cannot fit into any form of body armour.
You are cold-blooded and may be slowed by cold attacks.


Message History

Confirm with . or Enter, or press ? or * to list all spells.
You conjure some foxfire!
The gnoll shouts! x2
The gnoll hits you but does no damage.
The foxfire hits the gnoll.
The gnoll is heavily wounded.
The foxfire hits the gnoll.
The gnoll is heavily wounded.
The gnoll hits you from afar with a +0 spear.
Casting: Foxfire (safe; 6% risk of failure)
Confirm with . or Enter, or press ? or * to list all spells.
You conjure some foxfire!
The gnoll closely misses you.
The foxfire hits the gnoll but does no damage.
The gnoll is heavily wounded.
The foxfire hits the gnoll but does no damage.
The gnoll is heavily wounded.
The gnoll hits you from afar with a +0 spear.
Casting: Foxfire (safe; 6% risk of failure)
Confirm with . or Enter, or press ? or * to list all spells.
You conjure some foxfire!
The foxfire hits the gnoll.
The gnoll is lightly wounded.
The gnoll hits you from afar with a +0 spear.
The foxfire hits the gnoll.
The gnoll is severely wounded.
The gnoll hits you from afar with a +0 spear!
You hit the gnoll.
The gnoll is poisoned.
Your tail-slap misses the gnoll.
The gnoll is moderately wounded.
The gnoll closely misses you. x2
You hit the gnoll.
The gnoll looks as sick as possible!
The gnoll is heavily wounded.
The gnoll hits you with a +0 hand axe.
The gnoll hits you from afar with a +0 spear.
You hit the gnoll.
The gnoll is almost dead.
You kill the gnoll!
The gnoll hits you but does no damage. The gnoll closely misses you.
Casting: Foxfire (safe; 5% risk of failure)
Confirm with . or Enter, or press ? or * to list all spells.
You conjure some foxfire!
The gnoll hits you with a +0 flail!
You die...

#..........†. #.#
..P.P.P..##.# #.####
.....P...##.# #.##.#
..........#.#######.#...
.................)......
).........#.#######.#...
..P..gP..#..# ###.##.#
....P.vg.#.## #.....##
#.....v@##.# #.###.#
#####...##.# #.# #.#
#......# #.###.#
######.# #.....# .#
####.## #.# #.### #....
#####


You could see 2 gnolls.

Vanquished Creatures
  An adder (D:2)
  3 gnolls
  5 dart slugs
  4 ball pythons (D:1)
  2 endoplasms
  4 giant cockroaches
  A goblin (D:1)
  3 hobgoblins
  2 quokkas
  2 frilled lizards
  A kobold (D:1)
  5 rats
33 creatures vanquished.

Vanquished Creatures (others)
  63 foxfires
  14 plants (D:2)
77 creatures vanquished.

Grand Total: 110 creatures vanquished

Notes
Turn   | Place    | Note
-------+----------+-------------------------------------------
     0 | D:1      | croobank the Draconian Fire Elementalist began the quest
                  | for the Orb.
     0 | D:1      | Reached XP level 1. HP: 14/14 MP: 3/3
   183 | D:1      | Reached XP level 2. HP: 10/20 MP: 1/5
  1331 | D:1      | Reached XP level 3. HP: 26/26 MP: 2/6
  1505 | D:2      | Found a faded altar of an unknown god.
  1725 | D:2      | Found an opulent altar of Gozag.
  2052 | D:2      | Reached XP level 4. HP: 25/33 MP: 4/7
  2152 | D:2      | Slain by a gnoll

Illustrated notes

Levels and vault maps discovered:
D:1:      shiori_shiawase, layout_basic, minmay_pentomino_s2
D:2:      layout_loops_corners, basic_ecumenical_altar, basic_altar,
          chequers_jeans, nicolae_grassy_gnolls

Skill      XL: |  1  2 |
---------------+-------+-----
Stealth        | 2 |  2.4
Dodging        | 2 |  2.3
Spellcasting   | |  2.6
Conjurations   | |  1.9
Fire Magic     | |  3.4

Action                   |  1- 3 |  4- 6 || total
-------------------------+-------+-------++-------
Melee: Unarmed           |    13 |       ||    13
       Short sword       |    17 |     3 ||    20
       Tailslap          |     2 |       ||     2
 Cast: Foxfire           |    35 |     6 ||    41
 Stab: Sleeping          |     3 |       ||     3
Armor: Skin              |     6 |     3 ||     9
Dodge: Dodged            |    14 |     5 ||    19

Table legend: (Time is in decaauts)
 A = Elapsed time spent in this place.
 B = Non-inter-level travel time spent in this place.
 C = Inter-level travel time spent in this place.
 D = Time resting spent in this place.
 E = Time spent auto-exploring this place.
 F = Levels seen in this place.
 G = Mean time per level.
                   A        B        C        D        E       F      G
               +--------+--------+--------+--------+--------+-----+--------+
         Total |   2153 |   2134 |     19 |    148 |   1648 |   2 | 1076.5 |
       Dungeon |   2153 |   2134 |     19 |    148 |   1648 |   2 | 1076.5 |
               +--------+--------+--------+--------+--------+-----+--------+

Top non-repeatable levels by time:
     D:1: 1505 daAuts
     D:2: 647 daAuts
